 Dungeon Crawl Stone Soup version 0.22.1-1-ga44c0e5 (webtiles) character file.

135 n0claF the Vandal (level 4, -5/38 HPs)
             Began as a Centaur Hunter on Sept 20, 2018.
             Slain by a gnoll
             ... wielding a +0 flail
              (12 damage)
             ... on level 3 of the Dungeon.
             The game lasted 00:04:58 (1697 turns).

n0claF the Vandal (Centaur Hunter)                  Turns: 1697, Time: 00:04:59

Health: -5/38      AC:  4    Str: 15    XL:     4   Next: 97%
Magic:  4/4        EV:  5    Int: 10    God:
Gold:   90         SH:  0    Dex: 10    Spells: 3/3 levels left

rFire    . . .     SeeInvis .   a - +1 hunting sling
rCold    . . .     Gourm    .   (no shield)
rNeg     . . .     Faith    .   c - +0 leather armour
rPois    .         Spirit   .   (no helmet)
rElec    .         Reflect  .   (no cloak)
rCorr    .         Harm     .   (no gloves)
MR       .....                  (no barding)
Stlth    +.........             (no amulet)
HPRegen  0.12/turn              (no ring)
MPRegen  0.09/turn              (no ring)

@: held, very quick
A: large, hooves 3, deformed body, speed 2, tough skin 3
a: no special abilities


You were on level 3 of the Dungeon.
You were not hungry.

You visited 1 branch of the dungeon, and saw 3 of its levels.

You collected 90 gold pieces.

Inventory:

Hand Weapons
 a - a +1 hunting sling (weapon)
 t - a +0 spear
   (You took it off a hobgoblin on level 2 of the Dungeon)
Missiles
 f - 17 sling bullets (quivered)
 i - 67 stones
 n - 24 bolts
 s - 8 arrows
Armour
 c - a +0 leather armour (worn)
Jewellery
 l - an uncursed ring of magical power {unknown}
   (You found it on level 1 of the Dungeon)
 r - a cursed ring of teleportation {unknown}
   (You found it on level 2 of the Dungeon)
Scrolls
 g - 2 scrolls of identify {unknown}
 h - a scroll of teleportation {unknown}
 m - a scroll of amnesia {unknown}
 p - a scroll of fog {unknown}
 q - a scroll of remove curse {unknown}
Potions
 d - a potion of resistance {unknown}
 j - 3 potions of curing {unknown}
 k - a potion of degeneration {unknown}
 o - a potion of agility {unknown}
Comestibles
 b - 7 chunks of flesh
 e - 2 rations {!d}


   Skills:
 + Level 3.3 Fighting
 + Level 5.3 Slings
 + Level 2.5 Dodging
 - Level 0.4 Stealth


You had 3 spell levels left.
You didn't know any spells.
Your spell library was empty.

Dungeon Overview and Level Annotations

Branches:
Dungeon (3/15)

Altars:

Annotations:
D:3 Grinder


Innate Abilities, Weirdness & Mutations

You have hooves in place of feet.
Armour fits poorly on your strangely shaped body.
You cover ground very quickly.
You have extremely tough skin. (AC +3)


Message History

Firing (i - inventory. (/) - cycle)
f - 19 sling bullets (quivered)
Aim: a gnoll, wielding a halberd (moderately wounded)
You shoot a sling bullet. The sling bullet hits the gnoll!
Firing (i - inventory. (/) - cycle)
f - 18 sling bullets (quivered)
Aim: a gnoll, wielding a halberd (almost dead)
You shoot a sling bullet.
The sling bullet closely misses the gnoll.
Firing (i - inventory. (/) - cycle)
f - 17 sling bullets (quivered)
Aim: a gnoll, wielding a halberd (almost dead)
You shoot a sling bullet.
The sling bullet barely misses the gnoll.
The gnoll hits you from afar with a halberd!
Firing (i - inventory. (/) - cycle)
f - 16 sling bullets (quivered)
Aim: a gnoll, wielding a halberd (almost dead)
You shoot a sling bullet.
The sling bullet barely misses the gnoll.
Firing (i - inventory. (/) - cycle)
f - 15 sling bullets (quivered)
Aim: a gnoll, wielding a halberd (almost dead)
You shoot a sling bullet. The sling bullet hits the gnoll!
You kill the gnoll!
You start resting.
Some of the chunks of flesh in your inventory have rotted away.
f - 15 sling bullets (gained 1)
You butcher the gnoll corpse.
b - 7 chunks of flesh (gained 3)
You see here a halberd. x2
f - 17 sling bullets (gained 2)
The gnoll shouts!
The gnoll throws a throwing net.
The throwing net hits you.
You become entangled in the net!
You see here a throwing net {!f}.
You are held in a net!
You are held in a net!
You cannot shoot with your hunting sling while held in a net.
The gnoll shouts!
The gnoll hits you with a flail!
A gnoll comes into view. It is wielding a spear.
You are held in a net!
The gnoll shouts!
The gnoll hits you with a flail!
* * * LOW HITPOINT WARNING * * *
The gnoll hits you but does no damage.
You tear a large gash into the net.
The gnoll hits you.
* * * LOW HITPOINT WARNING * * *
The gnoll hits you with a flail.
* * * LOW HITPOINT WARNING * * *
You struggle against the net.
The gnoll hits you.
* * * LOW HITPOINT WARNING * * *
The gnoll hits you with a flail!
You die...

# #.##
#.##..#+##
#.#......#
#........#
###......#
#.)....####
#..........
#......#.#
#.###@#..#..
#....gg..#
######(..#
#g..# #((<#
#.>...#
#(#......
..((...##.#
g#.####.# #


You could see 3 gnolls.

Vanquished Creatures
  Jessica (D:2)
  A worker ant (D:3)
  A gnoll (D:3)
  3 adders
  An ooze (D:3)
  2 dart slugs
  5 bats
  2 giant cockroaches
  5 goblins
  5 hobgoblins
  4 jackals (D:2)
  3 frilled lizards
  5 kobolds
  5 rats
43 creatures vanquished.

Notes
Turn   | Place    | Note
-------+----------+-------------------------------------------
     0 | D:1      | n0claF the Centaur Hunter began the quest for the Orb.
     0 | D:1      | Reached XP level 1. HP: 17/17 MP: 1/1
   115 | D:1      | Reached XP level 2. HP: 24/24 MP: 2/2
   613 | D:2      | Reached XP level 3. HP: 30/30 MP: 3/3
  1311 | D:3      | Noticed Grinder
  1352 | D:3      | Noticed Jessica
  1358 | D:2      | Killed Jessica
  1358 | D:2      | Reached skill level 5 in Slings
  1358 | D:2      | Reached XP level 4. HP: 38/38 MP: 4/4
  1697 | D:3      | Slain by a gnoll

Skill      XL: |  1  2  3 |
---------------+----------+-----
Dodging        | 2 |  2.5
Fighting       | 3 |  3.3
Slings         | 5 |  5.3
Stealth        | |  0.4

Action                   |  1- 3 |  4- 6 || total
-------------------------+-------+-------++-------
 Fire: Hunting sling     |   108 |    36 ||   144
  Eat: Chunk             |       |     1 ||     1
Armor: Leather armour    |     8 |     3 ||    11
Dodge: Dodged            |    17 |     3 ||    20
